 Dungeon Crawl Stone Soup version 0.27.1-3-gb3d3a73c9e (webtiles) character file.

Game seed: 9512317319117578015

305 Crownlay the Slasher (level 6, -1/55 HPs)
             Began as a Minotaur Gladiator on Oct 24, 2021.
             Was an Initiate of Gozag.
             Succumbed to a scorpion's poison
             ... on level 4 of the Dungeon.
             The game lasted 00:05:23 (3948 turns).

Crownlay the Slasher (Minotaur Gladiator)           Turns: 3948, Time: 00:05:24

Health: -1/55      AC:  3    Str: 20    XL:     6   Next: 16%
Magic:  5/5        EV: 12    Int:  5    God:    Gozag
Gold:   222        SH:  0    Dex: 12    Spells: 5/5 levels left

rFire    + + .     SeeInvis .   e - +2 dagger (elec)
rCold    + + .     Faith    .   (no shield)
rNeg     . . .     Spirit   .   k - +1 robe {rC+ rF+}
rPois    +         Reflect  .   c - +0 hat
rElec    +         Harm     .   (no cloak)
rCorr    +         Rampage  .   (no gloves)
Will     .....                  (no boots)
Stlth    +.........             (no amulet)
HPRegen  0.18/turn              (no ring)
MPRegen  0.09/turn              (no ring)

@: lethally poisoned (-1 -> -12), resistant, gold aura
A: horns 2, retaliatory headbutt
a: Renounce Religion, Potion Petition, Call Merchant, Bribe Branch


You were on level 4 of the Dungeon.
You worshipped Gozag.
Gozag was aware of your devotion.
You visited 1 branch of the dungeon, and saw 4 of its levels.

You collected 364 gold pieces.
You spent 99 gold pieces at shops.
You paid 43 gold pieces to Gozag.

Inventory:

Hand Weapons
 a - a +0 long sword
 e - a +2 dagger of electrocution (weapon)
Missiles
 d - 2 throwing nets (quivered)
Armour
 c - a +0 hat (worn)
 k - a +1 robe of resistance (worn)
Jewellery
 i - a ring of ice
Scrolls
 b - a scroll of summoning
 h - 3 scrolls of teleportation
 j - a scroll of noise
 m - 3 scrolls of immolation
Potions
 f - 2 potions of attraction
 g - a potion of flight
 l - a potion of cancellation


   Skills:
 + Level 4.9 Fighting
 * Level 7.2 Long Blades
 - Level 2.0 Throwing
 - Level 3.2 Dodging


You had 5 spell levels left.
You didn't know any spells.
Your spell library contained the following spells:

 Spells                   Type           Power      Damage    Failure   Level
 Slow                     Hex            0%         N/A       63%         2
 Confusing Touch          Hex            0%         N/A       85%         3
 Conjure Flame            Conj/Fire      0%         6-21      85%         3
 Gell's Gravitas          Tloc           0%         N/A       85%         3
 Ignite Poison            Fire/Tmut/Pois 0%         N/A       85%         3
 Lesser Beckoning         Tloc           0%         N/A       85%         3
 Teleport Other           Tloc           0%         N/A       85%         3
 Sticky Flame             Conj/Fire      0%         2d3       99%         4
 Yara's Violent Unravell  Hex/Tmut       0%         3d3       100%        5


Dungeon Overview and Level Annotations

Branches:
Dungeon (4/15)             Temple (0/1) D:4

Altars:
Dithmenos
Gozag
Hepliaklqana
Ru
Wu Jian

Shops:
D:3 ?[*


Innate Abilities, Weirdness & Mutations

You have a pair of horns on your head.
You reflexively headbutt those who attack you in melee.


Message History

You feel sick. The scorpion stings you.
You are more poisoned.
The scorpion poisons you!
You hit the scorpion. Lightning courses through the scorpion!
The scorpion is almost dead.
You feel very sick. The scorpion stings you.
You are lethally poisoned!
The scorpion poisons you!
You are too injured to fight recklessly!
You are too injured to fight recklessly!
You are too injured to fight recklessly!
You hit the scorpion but do no damage.
The scorpion is almost dead.
You feel very sick. The scorpion closely misses you.
You hit the scorpion but do no damage. Your headbutt misses the scorpion.
The scorpion is almost dead.
* * * LOW HITPOINT WARNING * * *
You feel very sick.
You hit the scorpion.
The scorpion is almost dead.
* * * LOW HITPOINT WARNING * * *
You feel very sick. The scorpion stings you.
* * * LOW HITPOINT WARNING * * *
You hit the scorpion but do no damage. You headbutt the scorpion.
You kill the scorpion!
* * * LOW HITPOINT WARNING * * *
You feel very sick.
Your Long Blades skill increases to level 7!
You have reached level 6!
Your experience leads to an increase in your attributes!
Increase (S)trength, (I)ntelligence, or (D)exterity?
You feel stronger.
You feel protected.
* * * LOW HITPOINT WARNING * * *
You feel very sick.
You die...
Your body crumbles into a pile of gold.

#.........#........
#.........#........
#.........#.......#
#.........#.......#
#.........#.......# .
####.........#.......#..
........................
..
.########...............
#.. .# #.......@$......
.. .# #............?.. #
# .# #............... ..
.########...............
###
.......##...............
...
######.##...............
#. #.##...............
###. #.##.....<.........
... #.# #####.


There were no monsters in sight!

Vanquished Creatures
  An ogre (D:4)
  A scorpion (D:4)
  A hound skeleton (D:3)
  Robin (D:4)
  4 adders
  An adder zombie (D:3)
  3 worms
  A dart slug (D:4)
  5 orcs
  5 endoplasms
  2 giant cockroaches (D:2)
  18 goblins
  6 hobgoblins
  5 jackals
  3 quokkas
  2 ball pythons (D:3)
  A ball python zombie (D:3)
  4 bats
  2 frilled lizards
  A giant cockroach zombie (D:3)
  7 kobolds
  5 rats
79 creatures vanquished.

Vanquished Creatures (others)
  A withered plant (D:3)
1 creature vanquished.

Grand Total: 80 creatures vanquished

Notes
Turn   | Place    | Note
-------+----------+-------------------------------------------
     0 | D:1      | Crownlay the Minotaur Gladiator began the quest for the
                  | Orb.
     0 | D:1      | Reached XP level 1. HP: 18/18 MP: 0/0
    93 | D:1      | Reached skill level 4 in Long Blades
   102 | D:1      | Reached XP level 2. HP: 25/25 MP: 1/1
  1006 | D:2      | Found a hazy altar of Hepliaklqana.
  1317 | D:2      | Reached XP level 3. HP: 31/31 MP: 2/2
  1881 | D:3      | Reached skill level 5 in Long Blades
  1901 | D:3      | Found Noirah's Assorted Antiques.
  1956 | D:3      | Found Ymeiw's Armour Shop.
  2024 | D:3      | Found a sacrificial altar of Ru.
  2026 | D:3      | Found an ornate altar of the Wu Jian Council.
  2182 | D:3      | Found an opulent altar of Gozag.
  2191 | D:3      | Became a worshipper of Gozag Ym Sagoz the Greedy
  2242 | D:3      | Reached XP level 4. HP: 38/39 MP: 3/3
  2485 | D:3      | Found Laul's Magic Scroll Shop.
  2491 | D:3      | Bought a scroll of identify for 22 gold pieces
  2491 | D:3      | Bought a scroll of identify for 22 gold pieces
  2491 | D:3      | Bought a scroll of identify for 22 gold pieces
  2491 | D:3      | Bought a scroll of teleportation for 33 gold pieces
  2819 | D:4      | Noticed Robin
  3014 | D:4      | Killed Robin
  3258 | D:4      | Noticed an ogre
  3265 | D:4      | Killed an ogre
  3266 | D:4      | Reached skill level 6 in Long Blades
  3266 | D:4      | Reached XP level 5. HP: 47/47 MP: 4/4
  3279 | D:4      | Found a staircase to the Ecumenical Temple.
  3613 | D:4      | Found a shadowy altar of Dithmenos.
  3947 | D:4      | Reached skill level 7 in Long Blades
  3947 | D:4      | Reached XP level 6. HP: 4/55 MP: 5/5
  3947 | D:4      | HP: 2/55 [poisoned by a scorpion]
  3948 | D:4      | Succumbed to a scorpion's poison

Illustrated notes

Levels and vault maps discovered:
D:1:      nicolae_arrival_memento_mori, layout_basic
D:2:      layout_loops_cross, basic_altar
D:3:      layout_basic, nicolae_gozag_seed_capital, jmf_multi_god_temple,
          serial_shops, shop, nicolae_shop_temple_entry_statues_fountains, shop,
          serial_undead, serial_undead_f, serial_undead_f, serial_undead_c,
          serial_undead_d, serial_undead_e, serial_undead_a,
          minmay_misc_feat_more_columns
D:4:      layout_basic, nicolae_dithmenos_the_darkroom,
          minmay_temple_entry_overgrown, uniq_robin

Skill      XL: |  1  2  3  4  5 |
---------------+----------------+-----
Long Blades    | 4 5 6 7 |  7.2
Fighting       | 3 4 |  4.9
Throwing       | |  2.0
Dodging        | |  3.2

Action                   |  1- 3 |  4- 6 || total
-------------------------+-------+-------++-------
Melee: Long sword        |    25 |       ||    25
       Headbutt          |    13 |    12 ||    25
       Dagger            |    59 |    83 ||   142
Throw: Throwing net      |       |     1 ||     1
  Use: Scroll            |       |     7 ||     7
       Potion            |       |     1 ||     1
 Stab: Held in net/web   |       |     1 ||     1
Armor: Leather armour    |    18 |       ||    18
       Robe              |     3 |    16 ||    19
Dodge: Dodged            |    52 |    36 ||    88
       Rpst.: Long sword |    10 |       ||    10
